 Dungeon Crawl Stone Soup version 0.20.1-1-g8b1a95d (webtiles) character file.

7496 Jannitor the Fighter (level 11, -3/110 HPs)
             Began as an Ogre Ice Elementalist on July 4, 2017.
             Was a Priest of Okawaru.
             Killed from afar by Harold (22 damage)
             ... with a bolt of fire
             ... on level 10 of the Dungeon.
             The game lasted 00:28:46 (14209 turns).

Jannitor the Fighter (Ogre Ice Elementalist)       Turns: 14209, Time: 00:28:47

Health: -3/110     AC:  4    Str: 14    XL:     11   Next: 16%
Magic:  16/25      EV:  9    Int: 19    God:    Okawaru [***...]
Gold:   294        SH:  0    Dex:  9    Spells: 21/31 levels left

rFire    . . .     SeeInvis .   e - +3 quarterstaff (distort)
rCold    + + .     Gourm    .   (shield currently unavailable)
rNeg     . . .     Faith    .   F - +2 robe {rC+ rF+}
rPois    .         Spirit   .   (helmet restricted)
rElec    .         Reflect  .   (no cloak)
rCorr    +         Harm     .   (gloves unavailable)
MR       +....                  (boots unavailable)
Stlth    +.........             (no amulet)
Regen    0.3/turn               u - ring of resist corrosion
MPRegen  0.2/turn               h - ring of ice

@: about to teleport, very slightly contaminated, very heavily drained
A: unfitting armour, blurry vision 1, deformed body, frail 1, mutation
resistance 1, tough skin 1
a: Heroism, Renounce Religion


You were on level 10 of the Dungeon.
You worshipped Okawaru.
Okawaru was most pleased with you.
You were near starving.

You visited 2 branches of the dungeon, and saw 11 of its levels.

You collected 672 gold pieces.
You spent 378 gold pieces at shops.

Inventory:

Hand Weapons
 e - a +3 quarterstaff of distortion (weapon)
 f - a +1 dagger of draining
 m - a +0 trident of venom
Armour
 a - a +1 robe
 F - a +2 robe of resistance (worn)
Jewellery
 h - a ring of ice (right hand)
 j - an uncursed ring of fire
 s - an uncursed ring of stealth {unknown}
 u - a ring of resist corrosion (left hand)
 v - a +3 ring of strength {unknown}
 E - an uncursed ring of poison resistance {unknown}
 H - an uncursed ring of protection from cold {unknown}
 J - an uncursed ring of wizardry {unknown}
Scrolls
 g - 4 scrolls of teleportation
 n - 10 scrolls of identify
 t - 2 scrolls of remove curse
 x - a scroll of recharging
 y - 3 scrolls of fear
 C - 3 scrolls of immolation
Potions
 i - a potion of haste
Books
 b - a book of Frost

   Spells                             Type                      Level
   a - Freeze                         Ice                          1
   b - Throw Frost                    Conjuration/Ice              2
   c - Ozocubu's Armour               Charms/Ice                   3
   d - Throw Icicle                   Conjuration/Ice              4
   e - Summon Ice Beast               Ice/Summoning                4
 B - a book of Alchemy

   Spells                             Type                      Level
   a - Sublimation of Blood           Necromancy                   2
   b - Ignite Poison                  Fire/Transmutation/Poison    3
   c - Petrify                        Transmutation/Earth          4
   d - Alistair's Intoxication        Transmutation/Poison         5
   e - Irradiate                      Conjuration/Transmutation    5
Comestibles
 c - a bread ration
 d - a fruit
 l - 4 meat rations
 r - 3 royal jellies


   Skills:
 + Level 12.0(7.9) Fighting
 * Level 3.7(0.4) Staves
 + Level 1.7(0.0) Dodging
 - Level 1.4(0.0) Stealth
 + Level 10.5(6.6) Spellcasting
 - Level 0.8(0.0) Conjurations
 + Level 9.3(5.5) Ice Magic


You had 21 spell levels left.
You knew the following spells:

 Your Spells              Type           Power        Failure   Level  Hunger
a - Freeze                Ice            ####         1%          1    None
b - Throw Frost           Conj/Ice       ####..       4%          2    None
c - Ozocubu's Armour      Chrm/Ice       ####....     10%         3    ##.....
d - Summon Ice Beast      Ice/Summ       ####....     32%         4    ####...


Dungeon Overview and Level Annotations

Branches:
Dungeon (10/15)            Temple (1/1) D:7             Orc (0/2) D:9
   Lair: D:8-11

Altars:
Ashenzari
Cheibriados
Dithmenos
Elyvilon
Fedhas
Gozag
Hepliaklqana
Kikubaaqudgha
Makhleb
Nemelex Xobeh
Okawaru
Qazlal
Ru
Sif Muna
Trog
Uskayaw
Vehumet
Xom
Yredelemnul
Zin
The Shining One

Shops:
D:7 %((   D:9 [(

Annotations:
D:5 2 runed doors
D:10 Erica; Gargoyl's ghost, journeyman MiAK; Harold


Innate Abilities, Weirdness & Mutations

You are too large for most types of armour.
You have tough skin. (AC +1)
Scrolls take you a little longer to read.
Armour fits poorly on your strangely shaped body.
You are frail. (-10% HP)
You are somewhat resistant to further mutation.


Message History

You are near starving!
Harold hits you with a mace!
* * * LOW HITPOINT WARNING * * *
Unknown command.
Really read with blurry vision while enemies are nearby?
You begin reading the scroll.
You continue reading the scroll.
Harold hits you with a mace.
* * * LOW HITPOINT WARNING * * *
As you read the scroll of teleportation, it crumbles to dust.
You feel strangely unstable.
Unknown command.
Harold shouts, "Can you die now?
I had plans for the rest of the day!"
You open the door.
Harold says, "Let's make it quick, okay?
I've got mouths to feed."
Harold hits you with a mace.
* * * LOW HITPOINT WARNING * * *
Found a bread ration.
Harold points at you and mumbles some strange words.
The bolt of fire hits you!
You die...

#.#.# .######
#...# >.......
##########....
#........#
#........#
#........#
#........####.
#......%(...%.
#@##.# #.##.#
#.@..# ######


You could see Harold.

Vanquished Creatures
  A two-headed ogre (D:9)
  Sonja (D:10)
  A cyclops (D:9)
  The ghost of Jannitor the Ogre Mage, an amateur OgIE (D:4)
  A hippogriff (D:8)
  A wraith (D:10)
  A wyvern (D:9)
  2 yaks (D:9)
  3 orc warriors
  3 sky beasts
  A hornet zombie (D:7)
  3 ice beasts
  4 phantoms
  3 black bears (D:6)
  2 necrophages
  3 centaurs
  2 ogres
  4 bullfrogs
  3 big kobolds
  A scorpion (D:6)
  5 wights
  4 howler monkeys
  7 crimson imps
  5 hounds
  An iron imp (D:7)
  2 jellies (D:8)
  A centaur zombie (D:5)
  2 gnoll shamans
  5 orc priests
  2 bullfrog skeletons
  2 centaur skeletons
  3 iguanas
  9 orc wizards
  6 worker ants
  2 hound zombies
  2 hound skeletons
  A howler monkey zombie (D:5)
  Robin (D:2)
  12 gnolls
  9 adders
  An adder skeleton (D:8)
  3 worms (D:3)
  2 dart slugs
  7 leopard geckos
  66 orcs
  3 ball pythons
  6 giant cockroaches
  21 goblins
  15 hobgoblins
  4 jackals
  2 quokkas
  14 bats
  4 frilled lizards
  A hobgoblin zombie (D:7)
  2 jackal skeletons
  A jackal zombie (D:6)
  13 kobolds
  3 kobold skeletons (D:7)
  A kobold zombie (D:7)
  A leopard gecko skeleton (D:6)
  A leopard gecko zombie (D:5)
  2 orc skeletons (D:7)
  2 orc zombies (D:7)
  A quokka zombie (D:5)
  13 rats
311 creatures vanquished.

Vanquished Creatures (collateral kills)
  An ugly thing (D:9)
  A hungry ghost (D:8)
  3 wights
  A hound (D:9)
  An orc (D:10)
  A hobgoblin (D:10)
8 creatures vanquished.

Grand Total: 319 creatures vanquished

Notes
Turn   | Place    | Note
-------+----------+-------------------------------------------
     0 | D:1      | Jannitor the Ogre Ice Elementalist began the quest for the Orb.
     0 | D:1      | Reached XP level 1. HP: 16/16 MP: 3/3
   175 | D:1      | Reached skill level 1 in Fighting
   239 | D:1      | Reached XP level 2. HP: 22/27 MP: 2/5
   791 | D:1      | Reached skill level 2 in Fighting
  1124 | D:2      | Reached XP level 3. HP: 35/35 MP: 2/7
  1652 | D:2      | Found a basalt altar of Yredelemnul.
  1708 | D:2      | Found a sacrificial altar of Ru.
  1801 | D:2      | Reached XP level 4. HP: 36/44 MP: 8/8
  1815 | D:2      | Noticed Robin
  1824 | D:2      | Killed Robin
  1824 | D:2      | Reached skill level 3 in Fighting
  2462 | D:3      | Reached XP level 5. HP: 31/53 MP: 4/10
  2932 | D:3      | Found a shimmering altar of Xom.
  2949 | D:3      | Reached skill level 4 in Fighting
  2949 | D:3      | Reached XP level 6. HP: 48/62 MP: 7/12
  3364 | D:4      | Found a shattered altar of Ashenzari.
  3836 | D:4      | Noticed Jannitor's ghost (amateur OgIE)
  3850 | D:4      | Killed Jannitor's ghost
  3850 | D:4      | Reached skill level 5 in Fighting
  3850 | D:4      | Reached skill level 5 in Spellcasting
  3850 | D:4      | Reached XP level 7. HP: 29/72 MP: 12/14
  4110 | D:4      | Reached skill level 5 in Ice Magic
  4486 | D:4      | Reached skill level 6 in Fighting
  4710 | D:4      | Learned a level 2 spell: Throw Frost
  4714 | D:4      | Learned a level 3 spell: Ozocubu's Armour
  4739 | D:5      | Entered Level 5 of the Dungeon
  5070 | D:5      | Found a shadowy altar of Dithmenos.
  5378 | D:5      | Reached XP level 8. HP: 78/84 MP: 12/16
  5683 | D:5      | Reached skill level 7 in Fighting
  5915 | D:5      | Found a runed door.
  5943 | D:5      | Found a runed door.
  6352 | D:6      | Found a bloodstained altar of Trog.
  6467 | D:6      | Found a stormy altar of Qazlal.
  6619 | D:6      | Reached skill level 8 in Fighting
  6729 | D:6      | Found a sparkling altar of Nemelex Xobeh.
  6746 | D:6      | Reached XP level 9. HP: 86/96 MP: 12/20
  7549 | D:7      | Found Xiakead's Weapon Boutique.
  7569 | D:7      | Reached skill level 9 in Fighting
  8157 | D:7      | Found a staircase to the Ecumenical Temple.
  8266 | Temple   | Entered the Ecumenical Temple
  8461 | Temple   | Became a worshipper of Warmaster Okawaru
  8550 | D:7      | Found a glowing golden altar of the Shining One.
  8616 | D:7      | Found Taloth's Antique Weapon Shop.
  8804 | D:7      | Found a burning altar of Makhleb.
  8909 | D:7      | Found Amugumid's Food Shoppe.
  8947 | D:7      | Found an iron altar of Okawaru.
  9147 | D:9      | Learned a level 4 spell: Summon Ice Beast
  9162 | D:8      | Found a basalt altar of Yredelemnul.
  9178 | D:8      | Reached * piety under Okawaru
  9178 | D:8      | Reached skill level 10 in Fighting
  9178 | D:8      | Reached XP level 10. HP: 93/108 MP: 12/23
  9184 | D:8      | Found a snail-covered altar of Cheibriados.
 10844 | D:8      | Reached ** piety under Okawaru
 11113 | D:9      | Reached skill level 11 in Fighting
 11139 | D:9      | Found Cafut's Armour Boutique.
 11462 | D:9      | Found a staircase to the Orcish Mines.
 11464 | D:9      | Found Ceapsusch's Weapon Boutique.
 11472 | D:9      | Bought a +3 quarterstaff of distortion for 378 gold pieces
 11655 | D:9      | Reached skill level 10 in Spellcasting
 11705 | D:9      | Noticed a white ugly thing
 11736 | D:9      | HP: 4/114 [white ugly thing (9)]
 11740 | D:9      | Killed a white ugly thing
 12127 | D:9      | Noticed a two-headed ogre
 12142 | D:9      | Killed a two-headed ogre
 12142 | D:9      | Reached *** piety under Okawaru
 12142 | D:9      | Reached skill level 1 in Staves
 12507 | D:9      | Noticed a cyclops
 12774 | D:9      | Killed a cyclops
 12855 | D:9      | Reached XP level 11. HP: 17/123 MP: 13/25
 13279 | D:9      | Gained mutation: Armour fits poorly on your strangely shaped body. [mutagenic meat]
 13280 | D:9      | Gained mutation: You are frail. (-10% HP) [mutagenic meat]
 13281 | D:9      | Gained mutation: Scrolls take you a little longer to read. [mutagenic meat]
 13282 | D:9      | Gained mutation: You are somewhat resistant to further mutation. [mutagenic meat]
 13319 | D:10     | Entered Level 10 of the Dungeon
 13319 | D:10     | Noticed Sonja
 13347 | D:10     | Killed Sonja
 13767 | D:10     | Reached skill level 12 in Fighting
 13837 | D:10     | Noticed Gargoyl's ghost (journeyman MiAK)
 13900 | D:10     | Noticed Erica
 14156 | D:10     | Noticed Harold
 14209 | D:10     | Killed from afar by Harold

Skill      XL: |  1  2  3  4  5  6  7  8  9 10 11 |
---------------+----------------------------------+-----
Fighting       | 1 2 3 4 5 6 8 10 11 12 | 12.0
Ice Magic      | 3 4 5 6 7 9 |  9.3
Spellcasting   | 3 4 5 7 9 10 | 10.5
Staves         | 2 3 |  3.7
Dodging        | |  1.7
Stealth        | |  1.4
Conjurations   | |  0.8

Action                   |  1- 3 |  4- 6 |  7- 9 | 10-12 || total
-------------------------+-------+-------+-------+-------++-------
Melee: Unarmed           |     5 |       |       |       ||     5
       Dagger            |    23 |    13 |       |       ||    36
       Trident           |       |   133 |   414 |   225 ||   772
       Quarterstaff      |       |       |       |    48 ||    48
 Cast: Freeze            |    52 |    55 |   154 |   171 ||   432
       Throw Frost       |       |       |     3 |     1 ||     4
       Ozocubu's Armour  |       |       |    11 |    16 ||    27
       Summon Ice Beast  |       |       |     2 |    22 ||    24
Invok: Heroism           |       |       |       |     1 ||     1
  Use: Potion            |     1 |     2 |    11 |     8 ||    22
       Scroll            |       |       |       |    17 ||    17
 Stab: Distracted        |     1 |       |       |       ||     1
       Sleeping          |     1 |     4 |       |       ||     5
  Eat: Chunk             |     3 |     6 |    14 |    15 ||    38
       Bread ration      |       |       |     1 |     2 ||     3
Armor: Robe              |    22 |    40 |   198 |   116 ||   376
       Skin              |       |       |       |    29 ||    29
Dodge: Dodged            |    26 |    59 |   284 |   208 ||   577
